Map: Ruins of Seras

Players

desRow - Winner!

  • Race: Protoss Protoss
  • League: Diamond

EverZtelecoM (telecom)

  • Race: Zerg Zerg
  • League: Master

Event: ASL Season 5 Prime League LOTV Beta

VOD

Have the link to the VOD?

Description

Time

  • Played on: Sept. 5, 2015, 11:39 p.m.
  • Length: 10:57

All games in this series

Show
View Real Time Build Order
Export as new Build Order

desRow Protoss - Winner!

Build Orders:  

Get SALT Encoding   

  12  0:00  Probe (Chrono Boost)  
  13  0:11  Probe (Chrono Boost)  
  14  0:18  Pylon  
  14  0:22  Probe (Chrono Boost)  
  15  0:36  Probe (Chrono Boost)  
  15  0:38  Gateway  
  16  0:46  Probe (Chrono Boost)  
  16  0:48  Assimilator  
  17  0:56  Probe (Chrono Boost)  
  18  0:59  Pylon  
  18  1:06  Probe (Chrono Boost)  
  19  1:16  Probe (Chrono Boost)  
  20  1:28  Gateway  
  20  1:29  Cybernetics Core  
  20  1:32  Probe (Chrono Boost)  
  21  1:42  Probe (Chrono Boost)  
  22  1:53  Probe (Chrono Boost)  
  23  2:03  Probe (Chrono Boost)  
  23  2:04  Warp Gate (Chrono Boost)  
  26  2:10  Adept (Chrono Boost)  
  26  2:13  Probe (Chrono Boost)  
  26  2:14  Adept (Chrono Boost)  
  29  2:29  Nexus  
  29  2:30  Mothership Core (Chrono Boost)  
  31  2:47  Pylon  
  31  2:53  Assimilator  
  31  3:05  Probe, Adept x2  
  36  3:06  Gateway  
  36  3:17  Probe  
  37  3:28  Robotics Facility  
  37  3:29  Probe  
  38  3:39  Probe  
  38  3:41  Probe  
  40  3:49  Probe  
  40  3:53  Probe  
  40  3:54  Forge  
  42  3:59  Probe  
  43  4:02  Adept  
  43  4:05  Probe  
  46  4:10  Adept x2  
  46  4:11  Probe  
  46  4:13  Observer (Chrono Boost)  
  52  4:18  Probe (Chrono Boost)  
  52  4:22  Probe (Chrono Boost), Assimilator  
  52  4:23  Pylon  
  54  4:27  Pylon  
  54  4:28  Protoss Ground Weapons Level 1 (Chrono Boost)  
  54  4:39  Probe  
  54  4:41  Probe  
  58  4:47  Immortal (Chrono Boost)  
  58  4:50  Probe  
  61  4:56  Probe  
  62  5:00  Pylon  
  62  5:02  Probe, Robotics Bay  
  62  5:03  Assimilator  
  63  5:07  Pylon  
  63  5:09  Probe  
  63  5:12  Probe  
  66  5:21  Probe  
  66  5:22  Probe  
  66  5:24  Immortal (Chrono Boost)  
  71  5:32  Probe  
  71  5:33  Probe  
  73  5:44  Adept x2, Pylon  
  73  5:45  Adept  
  73  5:48  Twilight Council  
  79  5:56  Nexus  
  79  5:59  Pylon  
  79  6:09  Disruptor (Chrono Boost)  
  82  6:20  Adept x3  
  82  6:22  Protoss Ground Weapons Level 2 (Chrono Boost)  
  82  6:25  Gateway  
  88  6:26  Photon Cannon  
  88  6:31  Gateway  
  88  6:42  Disruptor (Chrono Boost)  
  88  6:45  Pylon  
  91  6:53  Probe x2  
  93  7:05  Probe  
  93  7:06  Probe  
  93  7:07  Probe  
  93  7:08  Shield Upgrade (Chrono Boost)  
  95  7:09  Warp Prism  
  96  7:17  Probe x2  
  96  7:19  Probe  
  96  7:22  Adept x3  
  107  7:29  Gateway, Probe x2  
  108  7:30  Gateway, Pylon, Assimilator x2  
  108  7:33  Stalker  
  111  7:37  Stalker  
  113  7:49  Blink  
  113  7:53  Stalker x3  
  113  7:56  Pylon  
  119  8:04  Disruptor  
  121  8:13  Stalker  
  121  8:14  Stalker  
  121  8:19  Stalker x3  
  131  8:35  Protoss Ground Weapons Level 3 (Chrono Boost)  
  115  9:01  Stalker  
  115  9:02  Stalker x4  
  110  9:25  Stalker x5  
  110  9:26  Stalker x2  
  114  9:50  Observer  
  114  9:55  Adept x4  
  114  9:56  Adept x3  
  124  10:17  Stalker x2  
  124  10:18  Stalker x5  
  124  10:19  Disruptor  
  129  10:45  Stalker x6  
  129  10:46  Stalker  
Show
View Real Time Build Order
Export as new Build Order

EverZtelecoM Zerg 

Build Orders: Hatch First, Lurkers 

Get SALT Encoding   

  12  0:01  Drone  
  13  0:08  Drone  
  14  0:17  Overlord  
  14  0:24  Drone, Extractor  
  15  0:35  Drone x2  
  17  0:44  Drone  
  18  0:57  Hatchery  
  17  0:59  Drone  
  18  1:06  Extractor  
  17  1:14  Spawning Pool  
  17  1:17  Drone  
  17  1:20  Drone  
  18  1:27  Drone  
  19  1:38  Overlord  
  19  1:48  Drone  
  20  2:01  Queen  
  20  2:02  Zergling x2  
  20  2:08  Queen  
  23  2:09  Drone  
  23  2:10  Metabolic Boost  
  23  2:12  Drone  
  27  2:21  Drone  
  28  2:36  Drone  
  29  2:40  Hatchery, Drone  
  29  2:43  Drone x2  
  31  2:49  Drone  
  31  2:54  Zergling x4  
  33  3:01  Roach Warren  
  32  3:06  Overlord  
  32  3:09  Zergling x2  
  32  3:10  Drone  
  32  3:12  Drone  
  35  3:17  Overlord  
  35  3:25  Queen  
  37  3:27  Drone  
  37  3:29  Drone  
  37  3:30  Drone  
  40  3:39  Overlord  
  44  3:41  Roach x2  
  44  3:46  Drone x2  
  46  3:49  Roach  
  46  3:51  Roach  
  46  3:55  Drone x2  
  52  4:01  Roach x2  
  56  4:05  Roach  
  56  4:06  Drone  
  56  4:07  Drone  
  61  4:10  Drone  
  61  4:14  Roach  
  61  4:15  Roach  
  65  4:20  Overlord  
  65  4:22  Overlord  
  65  4:26  Spine Crawler  
  65  4:27  Roach  
  65  4:36  Extractor  
  65  4:37  Drone  
  65  4:39  Drone x3  
  65  4:40  Drone  
  73  4:45  Roach x2  
  73  4:46  Roach  
  74  4:54  Drone x2  
  74  4:57  Overlord x2  
  74  4:58  Drone x3  
  79  5:04  Roach  
  81  5:10  Overlord x2  
  81  5:16  Spore Crawler  
  81  5:18  Spore Crawler  
  79  5:22  Zergling x8  
  79  5:23  Drone, Zergling x4  
  79  5:24  Drone  
  86  5:29  Drone  
  86  5:31  Spore Crawler, Drone  
  86  5:32  Drone  
  88  5:35  Lair  
  88  5:41  Evolution Chamber  
  88  5:42  Drone x3  
  90  5:43  Extractor  
  89  5:51  Roach  
  89  5:52  Drone  
  89  5:54  Drone x3, Overlord  
  95  6:00  Drone x4, Extractor  
  97  6:13  Drone  
  97  6:16  Drone, Zerg Ground Armor Level 1  
  97  6:17  Extractor  
  98  6:18  Extractor  
  98  6:19  Drone  
  98  6:21  Evolution Chamber, Overlord  
  98  6:24  Ravager x4  
  101  6:27  Overlord x3  
  101  6:28  Zergling x6  
  101  6:29  Zergling x2  
  101  6:31  Drone  
  106  6:36  Hydralisk Den  
  106  6:37  Drone x2  
  107  6:40  Zergling x2  
  107  6:46  Overlord  
  108  6:47  Drone  
  108  6:48  Drone x5  
  108  6:52  Zerg Missile Weapons Level 1  
  114  6:55  Lurker Den, Glial Reconstitution  
  114  7:01  Overlord  
  114  7:06  Roach x5  
  123  7:15  Overseer  
  123  7:17  Zergling x8  
  123  7:19  Roach  
  129  7:26  Drone x3  
  129  7:27  Drone  
  129  7:28  Drone  
  134  7:31  Hydralisk x3  
  140  7:38  Hydralisk x2  
  140  7:39  Hydralisk  
  140  7:41  Hydralisk  
  148  7:45  Hydralisk x2  
  148  7:48  Hydralisk  
  151  7:53  Hydralisk x2  
  151  7:54  Hydralisk  
  155  8:01  Hydralisk  
  155  8:02  Hydralisk x2  
  157  8:09  Overlord  
  157  8:11  Zergling x2  
  157  8:12  Zergling x2  
  159  8:16  Roach x3  
  164  8:22  Overlord x2  
  164  8:23  Lurker x2  
  164  8:24  Lurker  
  164  8:25  Zergling x6  
  166  8:37  Overlord  
  166  8:39  Roach x2  
  168  8:44  Lurker x2  
  162  8:58  Roach x3  
  162  8:59  Roach x6  
  162  9:00  Roach  
  140  9:24  Hydralisk x3  
  140  9:25  Hydralisk x3  
  140  9:26  Roach  
  140  9:27  Zergling x4  
  140  9:29  Zergling x6  
  140  9:31  Zergling x2  
  160  9:35  Hatchery  
  160  9:36  Zergling x2  
  142  9:41  Zergling x4  
  129  9:48  Hatchery  
  129  9:52  Roach x3  
  130  9:56  Roach  
  131  10:00  Queen x2  
  129  10:13  Hatchery, Hydralisk x7  
  132  10:18  Zergling x2  
  132  10:20  Hydralisk x2  
  115  10:29  Roach  
Tags
 
Add a new tag
Caveats
  • Supply blocks, unpowered buildings, or Contaminate may cause inaccurate times.
  • Supply counts are checked every 10 seconds.